 Dungeon Crawl Stone Soup version 0.21.1-1-g345015fe64 (webtiles) character file.

109 Lavandula the Digger (level 4, 0/30 HPs)
             Began as a Barachi Earth Elementalist on July 8, 2018.
             Slain by a gnoll
             ... wielding a +0 flail
              (12 damage)
             ... on level 3 of the Dungeon.
             The game lasted 00:04:28 (633 turns).

Lavandula the Digger (Barachi Earth Elementalist)    Turns: 633, Time: 00:04:29

Health: 0/30       AC:  4    Str:  9    XL:     4   Next: 89%
Magic:  7/7        EV: 12    Int: 17    God:
Gold:   73         SH:  0    Dex: 18    Spells: 3/7 levels left

rFire    . . .     SeeInvis .   o - +0 falchion
rCold    . . .     Gourm    .   (no shield)
rNeg     . . .     Faith    .   h - +0 leather armour
rPois    .         Spirit   .   (no helmet)
rElec    .         Reflect  .   (no cloak)
rCorr    .         Harm     .   i - +0 pair of gloves
MR       .....                  (no boots)
Stlth    ++........             (no amulet)
HPRegen  0.10/turn              m - +6 ring of dexterity
MPRegen  0.10/turn              (no ring)

@: can't hop, slow
A: +LOS, swims, slowness 1, strong legs 1
a: Hop


You were on level 3 of the Dungeon.
You were not hungry.

You visited 1 branch of the dungeon, and saw 4 of its levels.

You collected 73 gold pieces.

Inventory:

Hand Weapons
 a - a +0 dagger
 o - a +0 falchion (weapon)
Missiles
 b - 60 stones (quivered)
Armour
 c - a +0 robe
 h - a +0 leather armour (worn)
 i - a +0 pair of gloves (worn)
Jewellery
 m - a +6 ring of dexterity (left hand)
Scrolls
 f - 3 scrolls of teleportation {unknown}
 n - 3 scrolls of identify {unknown}
 r - a scroll of enchant armour {unknown}
 s - a scroll of magic mapping {unknown}
Potions
 j - a potion of flight {unknown}
 k - a potion of degeneration {unknown}
 l - a potion of might {unknown}
 p - a potion of heal wounds {unknown}
 q - a potion of magic
Books
 e - a book of Geomancy

   Spells                             Type                      Level
   a - Sandblast                      Earth                        1
   b - Passwall                       Transmutation/Earth          2
   c - Stone Arrow                    Conjuration/Earth            3
   d - Petrify                        Transmutation/Earth          4
   e - Lee's Rapid Deconstruction     Earth                        5
Comestibles
 d - 5 rations


   Skills:
 - Level 2.1 Dodging
 - Level 1.7 Stealth
 - Level 2.2 Spellcasting
   Level 1.1 Transmutations
 + Level 5.4 Earth Magic


You had 3 spell levels left.
You knew the following spells:

 Your Spells              Type           Power        Failure   Level  Hunger
a - Sandblast             Erth           ###...       2%          1    #......
b - Stone Arrow           Conj/Erth      ##....       26%         3    ###....


Dungeon Overview and Level Annotations

Branches:
Dungeon (4/15)
 Temple: D:4-7

Altars:


Innate Abilities, Weirdness & Mutations

Shadows flee at your approach. (+LOS)
You can swim through water.
You cover ground slowly.
You can hop short distances.


Message History

Aim: a gnoll, wielding a flail and wearing a ring mail (moderately wounded)
The blast of sand hits the gnoll.
The gnoll is moderately wounded.
b - 61 stones A worker ant comes into view.
The gnoll hits you with a flail!
* * * LOW HITPOINT WARNING * * *
It was a potion of curing.
You feel better. The gnoll barely misses you.
It was a potion of magic.
Magic courses through your body. The gnoll misses you.
Casting: Sandblast
Confirm with . or Enter, or press ? or * to list all spells.
Aiming: Sandblast
Press: ? - help, Shift-Dir - straight line, f/p - gnoll
Aim: a gnoll, wielding a flail and wearing a ring mail (moderately wounded)
The blast of sand hits the gnoll.
The gnoll is moderately wounded.
b - 60 stones The gnoll hits you with a flail!
You die...

#### ###
###.............# #.. ..
.########'####### #.####
### #.#.##.# #..#
.....###.###...##.# #g##
.....##.#.###.###.# #)#
..................# #.#
..........###.##..####.#
.....##...# #.##.g.....#
#.............##@##..###
#######...###.##.##.#.#
#.......##...###..
#..##########a# ### #..#
.# ...# # #.## ... #..#
#..#


You could see a gnoll.

Vanquished Creatures
  A howler monkey (D:3)
  2 gnolls (D:3)
  An adder (D:2)
  A leopard gecko (D:2)
  5 orcs
  A giant cockroach (D:2)
  4 goblins
  6 hobgoblins
  3 jackals (D:3)
  A quokka (D:3)
  4 bats
  2 frilled lizards
  2 kobolds
33 creatures vanquished.

Notes
Turn   | Place    | Note
-------+----------+-------------------------------------------
     0 | D:1      | Lavandula the Barachi Earth Elementalist began the quest for the Orb.
     0 | D:1      | Reached XP level 1. HP: 13/13 MP: 3/3
    95 | D:1      | Reached XP level 2. HP: 19/19 MP: 1/5
   143 | D:2      | Reached skill level 4 in Earth Magic
   265 | D:3      | Reached XP level 3. HP: 24/24 MP: 4/6
   299 | D:3      | Reached XP level 4. HP: 21/30 MP: 2/7
   304 | D:3      | Learned a level 3 spell: Stone Arrow
   387 | D:3      | Reached skill level 5 in Earth Magic
   633 | D:3      | Slain by a gnoll

Skill      XL: |  1  2  3  4 |
---------------+-------------+-----
Earth Magic    | 4 5 |  5.4
Dodging        | |  2.1
Stealth        | |  1.7
Spellcasting   | |  2.2
Transmutations | |  1.1

Action                   |  1- 3 |  4- 6 || total
-------------------------+-------+-------++-------
Melee: Dagger            |     2 |     3 ||     5
Throw: Stone             |       |     2 ||     2
 Cast: Sandblast         |    19 |    31 ||    50
 Abil: Hop               |       |     2 ||     2
  Use: Potion            |       |     2 ||     2
Armor: Robe              |     2 |       ||     2
       Leather armour    |       |     4 ||     4
Dodge: Dodged            |    12 |    11 ||    23
